AoeStats
← fat_dgk

Nomad

508783224Analyzed
4v4 RM · 8d ago on Sep 24, 2026· 44m 28s· 8 players
Game mode
Random Map
Map size
231×231
Population
200
Speed
Normal
Resources
Standard
Victory
Conquest
Starting age
Dark Age
Ending age
Imperial Age
RankedLock teamsTeams togetherTeam positionsShared explorationLock speedFull tech treeHidden civsTurbo modeCheats
Victory
Defeat
🇲🇽 Vietnamese · Mexico
1188
+17
🇨🇳 Spanish · China
1172
+17
🇨🇱 Dravidians · Chile
1135
+19
🇲🇽 Wu · Mexico
1125
+19
🇲🇽 Danes · Mexico
1276
-21
🇺🇸 Huns · United States
1226
-19
🇲🇽 Bulgarians · Mexico
1196
-18
🇲🇽 Goths · Mexico
1109
-14
fat_dgk
9:50 Loom
13:01 Feudal Age
14:06 Double-Bit Axe
19:29 Castle Age
20:22 Medium Warships
29:04 Wheelbarrow
30:00 Bow Saw
31:19 Fishing Lines
36:33 Imperial Age
34:20 Hand Cart
34:13 Gold Mining
34:16 Gillnets
34:53 Squires
34:55 Scale Mail Armor
35:05 Forging
35:35 Medical Corps
37:04 Gambesons
37:04 Arson
37:36 Chain Mail Armor
37:57 Iron Casting
36:44 Elite Urumi Swordsman
37:45 Conscription
39:55 Plate Mail Armor
39:33 Man-at-Arms
42:40 Blast Furnace
42:21 Long Swordsman
43:22 Wootz Steel
QuesoPlas
11:40 Loom
14:38 Feudal Age
19:51 Castle Age
23:40 Double-Bit Axe
24:53 Fletching
27:02 Padded Archer Armor
35:17 Imperial Age
33:09 Crossbowman
39:39 Leather Archer Armor
41:50 Bodkin Arrow
42:38 Thumb Ring
45:28 Ballistics
Zamarrypa
5:06 Loom
13:23 Feudal Age
17:20 Castle Age
15:56 Forging
16:03 Double-Bit Axe
16:46 Scale Barding Armor
19:05 Iron Casting
25:46 Scale Mail Armor
30:41 Squires
30:09 Pikeman
34:04 Imperial Age
33:32 Town Watch
34:22 Chain Mail Armor
33:56 Arson
36:11 Blast Furnace
36:24 Bow Saw
37:26 Plate Mail Armor
41:43 Halberdier
RedScott
3:17 Loom
13:19 Feudal Age
14:45 Double-Bit Axe
17:51 Castle Age
17:09 Forging
19:01 Scale Barding Armor
19:49 Husbandry
20:29 Iron Casting
22:09 Bloodlines
25:18 Wheelbarrow
26:43 Hand Cart
26:11 Horse Collar
29:08 Heavy Plow
34:21 Bow Saw
38:37 Imperial Age
38:10 Chain Barding Armor
39:45 Conscription
41:13 Blast Furnace
39:57 Cavalier
41:38 Town Watch
41:59 Gold Mining
42:22 Paladin
43:39 Plate Barding Armor
44:19 Town Patrol
gandalla
12:28 Loom
15:35 Feudal Age
19:29 Castle Age
17:53 Double-Bit Axe
17:50 Horse Collar
19:49 Scale Barding Armor
19:55 Forging
25:48 Bloodlines
25:38 Husbandry
38:19 Chain Barding Armor
Gustatro
8:50 Loom
17:01 Feudal Age
Avila1997
8:05 Loom
14:32 Feudal Age
15:16 Man-at-Arms
23:26 Castle Age
22:06 Forging
21:56 Scale Mail Armor
21:49 Horse Collar
24:08 Pikeman
29:43 Fletching
30:30 Bodkin Arrow
36:06 Padded Archer Armor
43:06 Imperial Age
41:12 Ballistics
luisavila00234
6:34 Loom
14:07 Feudal Age
23:55 Castle Age
24:00 Pikeman
41:27 Anarchy
Connection lost

Rejoining the realm…

Still unreachable

The connection could not be restored.

Session expired

The server has moved on; the page needs a fresh start.